 Dungeon Crawl Stone Soup version 0.29.1-1-gd02db6906a (webtiles) character file.

Game seed: 1900498712524438793

31324 unlimited1921 the Thaumaturge (level 13, -4/77 HPs)
             Began as a Djinni Fire Elementalist on Oct 21, 2022.
             Was an Initiate of Gozag.
             Slain by a white ugly thing (43 damage)
             ... on level 14 of the Dungeon.
             The game lasted 02:00:42 (18564 turns).

unlimited1921 the Thaumaturge (DjFE)               Turns: 18564, Time: 02:00:47

Health: -4/77      AC:  7    Str:  7    XL:     13   Next: 95%
Gold:   2160       EV: 16    Int: 22    God:    Gozag SH: 10 Dex: 14

rFire   + + +      SeeInvis +   C - +2 trident (freeze)
rCold   x x .      Faith    .   D - +0 kite shield
rNeg    + . .      Spirit   .   z - +1 robe of Plasticity {rF++ Regen+}
rPois   ∞          Reflect  .   A - +2 helmet of Failure {Harm rN+}
rElec   .          Harm     +   T - scarf {repulsion}
rCorr   .          Rampage  .   V - +0 pair of gloves
Will    ++...                   (boots unavailable)
Stlth   +++++.....              P - amulet of the acrobat
HPRegen 1.02/turn               f - +4 ring of evasion
MPRegen 0.00/turn               I - ring of Xurghyd {Fire Contam Will+ SInv Stlth+}

@: flying, studying Evocations, repel missiles
A: sickness immunity, fire resistance 2, cold vulnerability 1, float, innate
caster, HP casting, extra vitality 1
a: Renounce Religion, Potion Petition, Call Merchant, Bribe Branch


You were on level 14 of the Dungeon.
You worshipped Gozag.
Gozag was most pleased with you.
You visited 2 branches of the dungeon, and saw 15 of its levels.

You collected 2375 gold pieces.
You spent 130 gold pieces at shops.
You paid 85 gold pieces to Gozag.

Inventory:

Hand Weapons
 C - a +2 trident of freezing (weapon)
 L - a +2 scimitar of flaming
 S - a +5 scimitar of electrocution
 U - the +2 demon whip of the Wizarding Saviour {flame, rPois rC- rN+ Will++}
   (You took it off a deep elf pyromancer on level 12 of the Dungeon)

   It burns those it strikes, dealing additional fire damage.
   rC:        It makes you vulnerable to cold.
   rPois:     It protects you from poison.
   rN:        It protects you from negative energy.
   Will:      It greatly increases your willpower.
 X - a +0 trident of venom
Missiles
 b - 3 throwing nets
 u - 67 poisoned darts
Armour
 z - the +1 robe of Plasticity (worn) {rF++ Regen+}
   (You took it off a kobold on level 5 of the Dungeon)

   rF:        It greatly protects you from fire.
   Regen:     It increases your rate of health regeneration.
 A - the +2 helmet of Failure (worn) {Harm rN+}
   (You found it on level 5 of the Dungeon)

   rN:        It protects you from negative energy.
   Harm:      It increases damage dealt and taken.
 D - a +0 kite shield (worn)
 J - a +2 cloak
 T - a scarf of repulsion (worn)
 V - a +0 pair of gloves (worn)
Jewellery
 a - a +6 ring of dexterity
 f - a +4 ring of evasion (left hand)
 m - a ring of resist corrosion
 n - a +6 ring of strength
 v - a +6 ring of intelligence
 w - a ring of willpower
 I - the ring of Xurghyd (right hand) {Fire Contam Will+ SInv Stlth+}
   (You took it off a deep elf pyromancer on level 12 of the Dungeon)

   [ring of fire]

   It enhances your fire magic.
   rF:        It protects you from fire.
   rC:        It makes you vulnerable to cold.
   SInv:      It lets you see invisible.
   Contam:    It causes magical contamination when unequipped.
   Will:      It increases your willpower.
   Stlth:     It makes you more stealthy.
 P - an amulet of the acrobat (around neck)
Wands
 k - a wand of polymorph (6)
 y - a wand of roots (41)
 E - a wand of quicksilver (12)
 O - a wand of flame (30)
 W - a wand of charming (2)
 Y - a wand of mindburst (11)
Scrolls
 d - 3 scrolls of blinking
 j - 8 scrolls of teleportation
 l - a scroll of fear
 q - a scroll of poison {unknown}
 s - 3 scrolls of enchant weapon {unknown}
 t - 2 scrolls of brand weapon
 B - a scroll of fog
 F - 3 scrolls of magic mapping
 G - a scroll of enchant armour
 R - 2 scrolls of acquirement {unknown}
Potions
 c - 5 potions of curing
 e - 5 potions of ambrosia
 g - 3 potions of haste
 h - 7 potions of flight {unknown}
 i - 4 potions of berserk rage
 o - 2 potions of cancellation
 p - 3 potions of brilliance
 r - 2 potions of might
 x - 6 potions of heal wounds
 K - a potion of resistance
 N - a potion of invisibility


   Skills:
 + Level 1.3 Fighting
 + Level 0.8 Long Blades
 + Level 0.8 Polearms
 + Level 4.4 Dodging
 * Level 9.3 Stealth
 * Level 7.4 Shields
 + Level 14.6 Spellcasting


You had 9 spell levels left.
You knew the following spells:

 Your Spells              Type           Power      Damage    Failure   Level
a - Foxfire               Conj/Fire      100%       2x1d9     1%          1
b - Scorch                Fire           100%       2d10      1%          2
c - Conjure Flame         Conj/Fire      88%        6-21      1%          3
d - Inner Flame           Hex/Fire       88%        N/A       1%          3
e - Flame Wave            Conj/Fire      88%        2d19      1%          4
f - Slow                  Hex            100%       N/A       1%          1
g - Call Imp              Summ           69%        N/A       1%          2
h - Ignite Poison         Fire/Tmut/Pois 88%        N/A       1%          3
i - Passage of Golubria   Tloc           69%        N/A       1%          4
j - Fulminant Prism       Conj/Hex       34%        3d16      1%          4
k - Fireball              Conj/Fire      44%        3d18      1%          5
Your spell library was empty.

Dungeon Overview and Level Annotations

Branches:
Dungeon (14/15)            Temple (1/1) D:7            Lair (0/5) D:11
    Orc (0/2) D:11
 Vaults: D:13-14

Altars:
Ashenzari
Cheibriados
Dithmenos
Elyvilon
Fedhas
Gozag
Hepliaklqana
Makhleb
Nemelex Xobeh
Okawaru
Qazlal
Ru
Trog
Uskayaw
Wu Jian
Xom
Yredelemnul
Zin
The Shining One

Shops:
D:8 !::

Annotations:
D:14 3 runed translucent doors, Ness's ghost, journeyman GnWn


Innate Abilities, Weirdness & Mutations

You are immune to sickness and miasma.
You are immune to poison.
Your flesh is very heat resistant. (rF++)
You are vulnerable to cold. (rC-)
You float through the air rather than walking.
You learn spells naturally, not from books.
Your magical power is your life essence.
You have superior vitality. (+4 MHP)


Message History

The four-headed hydra completely misses you. x2
The white ugly thing basks in the mutagenic energy from its kin and changes!
Your crimson imp hits the four-headed hydra.
Your crimson imp hits the four-headed hydra.
The green ugly thing basks in the mutagenic energy from its kin and changes!
The four-headed hydra attacks as you move away!
The four-headed hydra closely misses you.
You block the four-headed hydra's attack.
The four-headed hydra closely misses you.
You block the four-headed hydra's attack.
The four-headed hydra attacks as you move away!
The four-headed hydra bites you.
The four-headed hydra closely misses you.
The four-headed hydra barely misses you.
The four-headed hydra bites you.
Your crimson imp misses the white ugly thing.
Casting: Call Imp (safe; 1% risk of failure)
Confirm with . or Enter, or press ? or * to list all spells.
A beastly little devil appears in a puff of frigid air.
Your crimson imp disappears in a puff of smoke!
The four-headed hydra bites you.
The four-headed hydra closely misses you.
The four-headed hydra barely misses you.
The four-headed hydra closely misses you.
You swap places.
The four-headed hydra bites your white imp.
The four-headed hydra bites your white imp!
Your white imp dies!
Your white imp disappears in a puff of smoke!
Casting: Call Imp (safe; 1% risk of failure)
Confirm with . or Enter, or press ? or * to list all spells.
Aiming: Fulminant Prism (safe; 1% risk of failure)
Press: ? - help, Dir - move target You conjure a prism of explosive energy!
A fulminant prism comes into view.
The white ugly thing pecks you. The white ugly thing freezes you!!!
You feel a terrible chill!
Ouch! That really hurt!
You die...
Your body crumbles into a pile of gold.

#.###...##...##...##
###.##.....#####.....#
....##...............#
######.....#####.....#
##...#######...##
#####....###### ####
#.##.##.# #...
#######.##.##*#########
#.##
..........§..Du@......#
#.#
#..####.##.##.#######.#
#.## #.#...#.# #.# #...
#.......# #.# ###.
#....u..# #.# #.
####u#### #.# #. #u#
#.# #. #.# ##.#######
#> #u# #........# #.


You could see a four-headed hydra (ally target), a white ugly thing and a
friendly fulminant prism.

Vanquished Creatures
  A boulder beetle (D:14)
  A hydra (D:14)
  Harold (D:10)
  A catoblepas (D:14)
  3 two-headed ogres
  8 centaur warriors
  A tengu warrior (D:13)
  5 deep elf pyromancers
  A cyclops (D:11)
  3 ugly things
  2 manticores
  2 smoke demons (D:12)
  Maggie (D:9)
  2 gargoyles (D:13)
  An unseen horror (D:10)
  An unseen horror (shapeshifter) (D:14)
  2 freezing wraiths (D:14)
  A komodo dragon (D:11)
  2 efreet (D:14)
  3 kobold demonologists (D:11)
  2 trolls
  A hornet (D:11)
  4 slime creatures (D:11)
  Sigmund (D:6)
  5 wraiths
  A fire bat (D:12)
  The ghost of safid the Shooter, an amateur MiHu (D:3)
  19 yaks
  A basilisk (D:14)
  2 fire elementals (D:12)
  3 vampire mosquitoes (D:14)
  2 steam dragons
  Menkaure (D:7)
  6 water moccasins
  2 acid dragons
  3 black bears
  2 ice beasts
  2 orc warriors
  3 sky beasts
  2 centaurs
  6 phantoms
  11 kobold brigands
  4 gnoll sergeants
  A necrophage (D:8)
  4 bullfrogs
  2 scorpions
  5 wights (D:10)
  2 wyvern zombies (D:6)
  2 water moccasin zombies (D:6)
  16 killer bees
  6 howler monkeys
  2 centaur zombies (D:6)
  3 jellies
  A bullfrog zombie (D:6)
  3 hounds
  2 centaur skeletons (D:6)
  6 orc priests
  A bullfrog skeleton (D:6)
  A gnoll bouda (D:9)
  Crazy Yiuf (D:7)
  6 iguanas
  11 orc wizards
  Natasha (twice) (D:3 D:2)
  2 killer bee zombies (D:6)
  2 howler monkey zombies (D:6)
  Robin (D:3)
  27 gnolls
  3 adders
  3 ufetubi (D:7)
  2 worms (D:5)
  A dart slug (D:1)
  30 orcs
  6 ball pythons (D:1)
  9 endoplasms
  3 giant cockroaches
  13 goblins
  8 hobgoblins
  4 quokkas
  4 bats
  6 frilled lizards
  39 kobolds
  4 rats
  12 foxfires
  13 fulminant prisms
  A toadstool (D:1)
396 creatures vanquished.

Vanquished Creatures (collateral kills)
  A slime creature (D:14)
  A water moccasin (D:5)
  3 foxfires (D:1)
5 creatures vanquished.

Vanquished Creatures (others)
  716 foxfires
  91 fulminant prisms
  39 fungi (D:11)
  36 plants
  3 toadstools (D:1)
  A withered plant (D:6)
886 creatures vanquished.

Grand Total: 1287 creatures vanquished

Notes
Turn   | Place    | Note
-------+----------+-------------------------------------------
     0 | D:1      | unlimited1921 the Djinni Fire Elementalist began the quest
                  | for the Orb.
     0 | D:1      | unlimited1921 set off with the following spells memorised:
                  | Foxfire, Scorch, Conjure Flame, Inner Flame, Flame Wave.
     0 | D:1      | Reached XP level 1. HP: 15/15 MP: 0/0
   707 | D:1      | Reached XP level 2. HP: 20/21 MP: 0/0
   744 | D:1      | Found a faded altar of an unknown god.
  1325 | D:1      | Reached skill level 3 in Spellcasting
  1357 | D:1      | Reached XP level 3. HP: 20/25 MP: 0/0
  1357 | D:1      | Learned a level 1 spell: Slow
  3822 | D:2      | Reached XP level 4. HP: 27/31 MP: 0/0
  3940 | D:2      | Found a sacrificial altar of Ru.
  4889 | D:3      | Noticed Robin
  4893 | D:3      | Killed Robin
  5194 | D:3      | Noticed Natasha
  5202 | D:3      | Killed Natasha
  5203 | D:3      | Reached XP level 5. HP: 26/35 MP: 0/0
  5203 | D:3      | Learned a level 2 spell: Call Imp
  5447 | D:3      | Found a large runed translucent door.
  5447 | D:3      | Found a large runed translucent door.
  5449 | D:3      | Noticed safid's ghost (amateur MiHu)
  5616 | D:3      | Reached skill level 4 in Spellcasting
  5639 | D:3      | Noticed Natasha
  5648 | D:2      | Killed Natasha
  5649 | D:2      | Reached XP level 6. HP: 7/40 MP: 0/0
  7371 | D:4      | Reached skill level 5 in Spellcasting
  7371 | D:4      | Reached XP level 7. HP: 32/45 MP: 0/0
  7371 | D:4      | Learned a level 3 spell: Ignite Poison
  8007 | D:5      | Entered Level 5 of the Dungeon
  8171 | D:5      | Noticed a water moccasin
  8175 | D:5      | Identified the +1 robe of Plasticity {rF++ Regen+}
  8182 | D:5      | Killed a water moccasin
  8183 | D:5      | Reached skill level 6 in Spellcasting
  8183 | D:5      | Reached XP level 8. HP: 18/50 MP: 0/0
  8586 | D:5      | Identified the +0 plate armour of Optimism {rElec rC+ Will+
                  | Str-5}
  8918 | D:5      | Reached skill level 7 in Spellcasting
  8936 | D:5      | Identified the +2 helmet of Failure {Harm rN+}
  8971 | D:5      | Noticed a two-headed ogre
  8985 | D:5      | Killed a two-headed ogre
  8986 | D:5      | Reached skill level 8 in Spellcasting
  8986 | D:5      | Reached XP level 9. HP: 54/55 MP: 0/0
  8986 | D:5      | Learned a level 4 spell: Passage of Golubria
  9360 | D:3      | Killed safid's ghost
  9768 | D:6      | Noticed Sigmund
  9783 | D:6      | Reached skill level 5 in Stealth
  9783 | D:6      | Reached skill level 9 in Spellcasting
  9790 | D:6      | Killed Sigmund
  9819 | D:6      | Reached XP level 10. HP: 59/60 MP: 0/0
 10181 | D:6      | Reached skill level 1 in Shields
 10381 | D:6      | Reached skill level 10 in Spellcasting
 10807 | D:7      | Noticed Menkaure
 10813 | D:7      | Killed Menkaure
 10879 | D:7      | Found a staircase to the Ecumenical Temple.
 10916 | D:7      | Found a runed translucent door.
 10917 | D:7      | Noticed Crazy Yiuf
 11347 | D:7      | Found a sparkling altar of Nemelex Xobeh.
 11473 | D:7      | Killed Crazy Yiuf
 11519 | Temple   | Entered the Ecumenical Temple
 11692 | Temple   | Became a worshipper of Gozag Ym Sagoz the Greedy
 11788 | D:8      | Found Xeyredos's Distillery.
 11791 | D:8      | Bought a potion of heal wounds for 65 gold pieces
 11791 | D:8      | Bought a potion of heal wounds for 65 gold pieces
 11870 | D:8      | Found Ympigyth's Book Shoppe.
 12009 | D:8      | Found Qeci Xer's Book Emporium.
 12048 | D:8      | Identified the +5 long sword "Eshreafe" {antimagic, Fly
                  | rElec Will++ Int-2}
 12577 | D:9      | Noticed a two-headed ogre
 12592 | D:9      | Killed a two-headed ogre
 12593 | D:9      | Reached skill level 11 in Spellcasting
 12593 | D:9      | Reached XP level 11. HP: 63/65 MP: 0/0
 12593 | D:9      | Learned a level 4 spell: Fulminant Prism
 12666 | D:9      | Noticed Maggie
 12673 | D:9      | Killed Maggie
 13096 | D:9      | Found an ornate altar of the Wu Jian Council.
 13551 | D:9      | Noticed a two-headed ogre
 13577 | D:9      | Killed a two-headed ogre
 13720 | D:10     | Entered Level 10 of the Dungeon
 13846 | D:10     | Noticed Harold
 13852 | D:10     | Killed Harold
 13961 | D:10     | Reached skill level 12 in Spellcasting
 14275 | D:10     | Reached XP level 12. HP: 58/70 MP: 0/0
 14827 | D:11     | Reached skill level 5 in Shields
 15184 | D:11     | Found a staircase to the Lair.
 15250 | D:11     | Found a staircase to the Orcish Mines.
 15789 | D:12     | Reached skill level 13 in Spellcasting
 16050 | D:12     | Identified the +2 demon whip of the Wizarding Saviour
                  | {flame, rPois rC- rN+ Will++}
 16050 | D:12     | Identified the ring of Xurghyd {Fire Contam Will+ SInv
                  | Stlth+}
 16368 | D:12     | Reached XP level 13. HP: 71/76 MP: 0/0
 16368 | D:12     | Learned a level 5 spell: Fireball
 16973 | D:13     | Identified the +3 mace of Clean Valiance {elec, Dex+5 SInv}
 16973 | D:13     | Noticed a centaur warrior
 16976 | D:13     | Killed a centaur warrior
 17097 | D:13     | Found an opulent altar of Gozag.
 17145 | D:13     | Identified the +0 chain mail of Depression {rN+ Dex+3}
 17302 | D:14     | Noticed a centaur warrior
 17306 | D:14     | Killed a centaur warrior
 17386 | D:14     | Noticed a minotaur
 17391 | D:14     | Noticed Ness's ghost (journeyman GnWn)
 17406 | D:14     | Noticed a centaur warrior
 17406 | D:14     | Noticed a catoblepas
 17411 | D:14     | Killed a centaur warrior
 17412 | D:14     | Reached skill level 1 in Fighting
 17412 | D:14     | Reached skill level 14 in Spellcasting
 17457 | D:14     | Killed a catoblepas
 17567 | D:14     | Noticed a centaur warrior
 17571 | D:14     | Killed a centaur warrior
 17810 | D:14     | Noticed a boulder beetle
 17824 | D:14     | Killed a boulder beetle
 17889 | D:14     | Found a runed translucent gate.
 17889 | D:14     | Found a runed translucent gate.
 17889 | D:14     | Found a runed translucent gate.
 18038 | D:14     | Noticed a seven-headed hydra
 18041 | D:14     | Noticed a centaur warrior
 18042 | D:14     | Killed a seven-headed hydra
 18046 | D:14     | Killed a centaur warrior
 18089 | D:14     | Noticed a centaur warrior
 18095 | D:14     | Killed a centaur warrior
 18096 | D:14     | Noticed a centaur warrior
 18101 | D:14     | Killed a centaur warrior
 18185 | D:14     | Noticed a centaur warrior
 18193 | D:14     | Killed a centaur warrior
 18550 | D:14     | Noticed a four-headed hydra
 18564 | D:14     | Slain by a white ugly thing

Illustrated notes

Levels and vault maps discovered:
D:1:      ldierk_water_garden, layout_loops_ring, serial_forest,
          infiniplex_forest_lined_2, infiniplex_forest_clump_small,
          infiniplex_forest_diagonal, infiniplex_forest_lined_room_2,
          infiniplex_forest_lined_room_, infiniplex_forest_join,
          infiniplex_forest_side_room, infiniplex_forest_straight_2,
          chequers_ecumenical_altar_simple_redux, st_stairs_10
D:2:      layout_loops_corners, basic_altar, columned_hall_lemuel
D:3:      layout_basic, ebering_ghost_disaster_area,
          corexii_item_surrounded_by_moat, minmay_misc_feat_more_columns,
          uniq_robin, uniq_natasha
D:4:      cheibrodos_thug_alley, layout_cave_pools
D:5:      layout_loops_ring
D:6:      layout_loops_ring, serial_undead, serial_undead_c, serial_undead_a,
          serial_undead_f, serial_undead_f, uniq_sigmund
D:7:      nicolae_cairo_tiling_very_big, layout_basic, general_overflow_altar,
          minmay_temple_entry_grid, hangedman_decor_clover_reticule,
          reono_crystal_passage, uniq_menkaure, uniq_crazy_yiuf_cottage
D:8:      layout_rooms, serial_shops, nicolae_shop_window_shopping,
          nicolae_lakefront_shop, nicolae_shop_advertising_works
          [nicolae_subvault_shop_adworks]
D:9:      layout_basic, marbit_many_paths, uniq_maggie
D:10:     layout_small_grid, kennysheep_generic_room_4, uniq_harold
D:11:     layout_basic, due_lair_maze_entry_diamond
D:12:     minmay_firetagon, layout_rooms, minmay_misc_feat_ornament
D:13:     layout_rooms, nicolae_gozag_seed_capital
D:14:     minmay_octagon_keep, layout_loops_corners, erik_vaults_2,
          maelrawn_ghost_gauntlet_escape, portal_ice_cave_entry_frozen_things
Temple:   nicolae_temple_bog_church

Skill      XL: |  1  2  3  4  5  6  7  8  9 10 11 12 13 |
---------------+----------------------------------------+-----
Spellcasting   | 3 4 5 6 8 9 11 12 13 14 | 14.6
Stealth        | 2 3 4 5 6 7 8 9 |  9.3
Shields        | 2 4 6 7 |  7.4
Dodging        | 3 4 |  4.4
Fighting       | 1 |  1.3
Long Blades    | |  0.8
Polearms       | |  0.8

Action                   |  1- 3 |  4- 6 |  7- 9 | 10-12 | 13-15 || total
-------------------------+-------+-------+-------+-------+-------++-------
Melee: Unarmed           |     3 |       |       |       |       ||     3
       Short sword       |       |     2 |       |     2 |       ||     4
       Scimitar          |       |       |       |     3 |       ||     3
       Trident           |       |       |       |    14 |     1 ||    15
 Cast: Foxfire           |    92 |    60 |    66 |   259 |    11 ||   488
       Scorch            |     5 |    13 |    45 |    78 |    21 ||   162
       Inner Flame       |       |    11 |    32 |   121 |    17 ||   181
       Call Imp          |       |     2 |     8 |    20 |    12 ||    42
       Slow              |       |       |     2 |     4 |     2 ||     8
       Passage of Golubr |       |       |     2 |     5 |       ||     7
       Flame Wave        |       |       |     1 |       |       ||     1
       Fulminant Prism   |       |       |       |    63 |    42 ||   105
       Conjure Flame     |       |       |       |     5 |       ||     5
       Fireball          |       |       |       |       |    26 ||    26
  Use: Scroll            |       |     6 |     5 |     8 |     3 ||    22
       Potion            |       |     1 |       |     3 |     2 ||     6
Armor: Robe              |    13 |       |     5 |    32 |    18 ||    68
Dodge: Dodged            |    20 |    11 |    15 |    55 |    39 ||   140
       Repelled          |       |       |       |       |     1 ||     1
Block: Kite shield       |       |       |       |    39 |    22 ||    61
